General information
- name: BNet
- type: Ladder team game (AT/RT)
- host: Battle.net
- saver: blInn
map: Slalom
- players: 8
- length: 23:08
- speed: Fast
- version: 1.21 W3XP
- replay type:

» download(188 KB)
Players
team 1 (winner)
blInn (
purple | 93 APM | 2152 actions | 23:08)
6 Blademaster
3 Wind Walk
2 Critical Strike
1 Bladestorm
» actions
| Assign group hotkey | 83 | |
| Build / train | 79 | |
| ESC pressed | 2 | |
| Enter build submenu | 63 | |
| Enter hero's abilities submenu | 6 | |
| Give item / drop item | 2 | |
| Remove unit from queue | 11 | |
| Right click | 1203 | |
| Select / deselect | 297 | |
| Select group hotkey | 211 | |
| Use ability | 195 | |
2152 total
» units
» upgrades
| Spiked Barricades | 2 | |
| Reinforced Defenses | 1 | |
| Liquid Fire | 1 | |
4 total
» buildings
| Altar of Storms | 1 | |
| Orc Burrow | 4 | |
| War Mill | 1 | |
| Watch Tower | 46 | |
| Stronghold | 2 | |
| Great Hall | 2 | |
| Beastiary | 3 | |
| Fortress | 2 | |
| Voodoo Lounge | 1 | |
62 total
» build order
00:02 Altar of Storms
00:14 Orc Burrow
00:30 War Mill
02:02 Orc Burrow
02:22 Watch Tower
02:33 Watch Tower
02:59 Watch Tower
03:40 Stronghold
04:32 Watch Tower
04:36 Watch Tower
05:08 Orc Burrow
05:39 Great Hall
05:42 Watch Tower
05:48 Watch Tower
05:50 Watch Tower
06:27 Beastiary
06:28 Beastiary
06:48 Orc Burrow
06:53 Watch Tower
07:34 Fortress
08:20 Watch Tower
08:29 Watch Tower
08:29 Watch Tower
08:33 Watch Tower
08:33 Watch Tower
09:06 Watch Tower
09:16 Voodoo Lounge
09:20 Beastiary
09:23 Watch Tower
09:31 Watch Tower
10:15 Watch Tower
10:16 Watch Tower
10:35 Watch Tower
10:36 Watch Tower
10:40 Watch Tower
11:45 Great Hall
11:48 Watch Tower
11:49 Watch Tower
12:48 Watch Tower
12:48 Watch Tower
12:55 Watch Tower
13:10 Watch Tower
13:48 Watch Tower
14:09 Watch Tower
14:18 Watch Tower
15:20 Watch Tower
16:03 Watch Tower
16:08 Watch Tower
17:07 Watch Tower
17:08 Watch Tower
17:10 Watch Tower
17:12 Watch Tower
19:08 Watch Tower
19:09 Watch Tower
19:10 Watch Tower
19:10 Watch Tower
20:42 Watch Tower
20:43 Watch Tower
20:43 Watch Tower
20:44 Watch Tower
» items
| Healing Salve | 3 | |
| Lesser Clarity Potion | 5 | |
| Scroll of Speed | 2 | |
| Orb of Lightning | 1 | |
| Boots of Speed | 1 | |
| Staff of Teleportation | 2 | |
14 total
DIRTMCGIRT (
blue | 89 APM | 2057 actions | 23:07)
5 Far Seer
2 Feral Spirit
3 Chain Lighting
4 Firelord
2 Summon Lava Spawn
2 Soul Burn
4 Beastmaster
2 Summon Bear
2 Summon Hawk
» actions
| Assign group hotkey | 1 | |
| Build / train | 45 | |
| Enter build submenu | 38 | |
| Enter hero's abilities submenu | 13 | |
| Right click | 1154 | |
| Select / deselect | 698 | |
| Select group hotkey | 4 | |
| Use ability | 103 | |
2057 total
» units
» upgrades
| Reinforced Defenses | 1 | |
| Ranged Weapons | 1 | |
| Liquid Fire | 1 | |
3 total
» buildings
| Altar of Storms | 1 | |
| Orc Burrow | 5 | |
| War Mill | 1 | |
| Watch Tower | 18 | |
| Voodoo Lounge | 2 | |
| Stronghold | 1 | |
| Fortress | 1 | |
| Beastiary | 4 | |
| Great Hall | 3 | |
36 total
» build order
00:04 Altar of Storms
00:07 Orc Burrow
00:09 Orc Burrow
00:29 War Mill
02:11 Watch Tower
02:19 Watch Tower
02:26 Watch Tower
03:07 Watch Tower
03:12 Watch Tower
03:53 Watch Tower
04:01 Voodoo Lounge
04:17 Stronghold
04:59 Watch Tower
05:16 Watch Tower
06:39 Watch Tower
06:43 Watch Tower
06:52 Voodoo Lounge
06:55 Fortress
07:18 Orc Burrow
07:35 Watch Tower
07:39 Watch Tower
07:52 Beastiary
07:59 Beastiary
08:15 Beastiary
08:29 Orc Burrow
08:52 Watch Tower
08:57 Beastiary
09:21 Watch Tower
10:25 Watch Tower
13:01 Watch Tower
13:58 Great Hall
14:04 Great Hall
14:36 Watch Tower
15:50 Watch Tower
16:11 Orc Burrow
17:58 Great Hall
» items
| Healing Salve | 1 | |
| Lesser Clarity Potion | 1 | |
2 total
dirtmcwordup (
red | 80 APM | 1841 actions | 23:07)
3 Pandaren Brewmaster
2 Breath of Fire
1 Drunken Brawler
» actions
| Assign group hotkey | 2 | |
| Basic commands | 23 | |
| Build / train | 96 | |
| ESC pressed | 3 | |
| Enter build submenu | 101 | |
| Enter hero's abilities submenu | 3 | |
| Right click | 888 | |
| Select / deselect | 261 | |
| Select group hotkey | 188 | |
| Use ability | 276 | |
1841 total
» units
» upgrades
» buildings
| Altar of Kings | 1 | |
| Farm | 3 | |
| Scout Tower | 189 | |
| Lumber Mill | 2 | |
| Arcane Tower | 2 | |
| Guard Tower | 51 | |
| Keep | 1 | |
| Arcane Sanctum | 1 | |
| Town Hall | 2 | |
| Castle | 1 | |
| Gryphon Aviary | 2 | |
| Arcane Vault | 1 | |
256 total
» build order
00:08 Altar of Kings
00:22 Farm
01:17 Farm
01:53 Scout Tower
01:59 Lumber Mill
02:16 Scout Tower
02:22 Arcane Tower
02:23 Scout Tower
02:40 Scout Tower
02:43 Arcane Tower
02:45 Scout Tower
02:57 Guard Tower
03:15 Guard Tower
03:17 Scout Tower
03:21 Scout Tower
03:22 Guard Tower
03:31 Scout Tower
04:23 Guard Tower
04:25 Scout Tower
04:27 Scout Tower
04:30 Guard Tower
04:32 Scout Tower
04:34 Scout Tower
04:37 Scout Tower
04:38 Scout Tower
04:39 Scout Tower
04:39 Scout Tower
04:49 Scout Tower
04:50 Scout Tower
05:00 Guard Tower
05:00 Guard Tower
05:08 Scout Tower
05:10 Scout Tower
05:12 Scout Tower
05:14 Guard Tower
05:26 Guard Tower
05:27 Scout Tower
05:57 Guard Tower
06:00 Keep
06:03 Scout Tower
06:04 Scout Tower
06:06 Scout Tower
06:07 Scout Tower
06:34 Guard Tower
06:37 Guard Tower
06:42 Scout Tower
06:43 Scout Tower
06:44 Scout Tower
06:45 Scout Tower
06:46 Scout Tower
06:47 Scout Tower
07:15 Guard Tower
07:21 Scout Tower
07:21 Scout Tower
07:22 Scout Tower
07:22 Scout Tower
07:39 Scout Tower
07:41 Scout Tower
07:46 Guard Tower
08:23 Guard Tower
08:49 Arcane Sanctum
08:56 Scout Tower
08:57 Scout Tower
08:58 Scout Tower
09:08 Guard Tower
09:19 Town Hall
09:28 Guard Tower
09:38 Scout Tower
09:38 Scout Tower
09:39 Scout Tower
09:39 Scout Tower
09:41 Scout Tower
09:41 Scout Tower
09:42 Scout Tower
09:43 Scout Tower
10:02 Farm
10:04 Scout Tower
10:05 Scout Tower
10:07 Scout Tower
10:07 Scout Tower
10:09 Scout Tower
10:19 Guard Tower
10:21 Scout Tower
10:22 Scout Tower
10:23 Scout Tower
10:23 Scout Tower
10:24 Scout Tower
10:27 Guard Tower
11:19 Guard Tower
11:34 Guard Tower
11:45 Scout Tower
11:46 Scout Tower
11:47 Scout Tower
11:48 Scout Tower
11:50 Guard Tower
12:33 Guard Tower
13:35 Scout Tower
13:35 Scout Tower
13:36 Scout Tower
13:37 Scout Tower
13:38 Scout Tower
13:38 Scout Tower
13:39 Scout Tower
13:40 Scout Tower
13:40 Scout Tower
13:41 Scout Tower
13:42 Scout Tower
13:42 Scout Tower
14:01 Castle
14:03 Guard Tower
14:07 Scout Tower
14:07 Scout Tower
14:08 Scout Tower
14:08 Scout Tower
14:09 Scout Tower
14:09 Scout Tower
14:10 Scout Tower
14:11 Scout Tower
14:15 Guard Tower
14:38 Guard Tower
14:40 Scout Tower
14:40 Scout Tower
14:41 Scout Tower
14:42 Scout Tower
14:43 Scout Tower
14:44 Scout Tower
14:45 Scout Tower
14:46 Scout Tower
14:54 Scout Tower
14:55 Scout Tower
14:56 Scout Tower
14:57 Scout Tower
14:58 Scout Tower
14:59 Scout Tower
15:00 Scout Tower
15:01 Scout Tower
15:01 Scout Tower
15:02 Scout Tower
15:21 Scout Tower
15:21 Scout Tower
15:22 Scout Tower
15:23 Scout Tower
15:24 Scout Tower
15:38 Guard Tower
15:48 Guard Tower
15:54 Guard Tower
15:58 Scout Tower
15:59 Scout Tower
16:01 Scout Tower
16:01 Scout Tower
16:02 Scout Tower
16:02 Scout Tower
16:04 Scout Tower
16:04 Scout Tower
16:06 Scout Tower
16:06 Scout Tower
16:08 Scout Tower
16:08 Scout Tower
16:10 Scout Tower
16:11 Scout Tower
16:12 Scout Tower
16:13 Scout Tower
16:13 Scout Tower
16:14 Scout Tower
16:20 Scout Tower
16:21 Scout Tower
16:22 Scout Tower
16:23 Scout Tower
16:23 Scout Tower
16:24 Scout Tower
16:25 Scout Tower
16:26 Scout Tower
16:26 Scout Tower
16:27 Scout Tower
16:31 Guard Tower
16:42 Guard Tower
16:42 Guard Tower
16:59 Guard Tower
17:06 Guard Tower
17:19 Guard Tower
17:22 Guard Tower
17:52 Scout Tower
17:53 Scout Tower
17:54 Scout Tower
17:54 Scout Tower
17:55 Scout Tower
17:57 Scout Tower
17:57 Scout Tower
17:58 Scout Tower
17:58 Scout Tower
18:13 Gryphon Aviary
18:14 Gryphon Aviary
18:19 Arcane Vault
18:32 Guard Tower
18:56 Guard Tower
19:00 Scout Tower
19:01 Scout Tower
19:01 Scout Tower
19:02 Scout Tower
19:10 Scout Tower
19:11 Scout Tower
19:12 Scout Tower
19:13 Scout Tower
19:15 Guard Tower
19:18 Guard Tower
19:22 Guard Tower
19:31 Scout Tower
19:31 Scout Tower
19:32 Scout Tower
19:35 Scout Tower
19:35 Scout Tower
19:36 Scout Tower
19:37 Scout Tower
19:45 Guard Tower
19:58 Guard Tower
20:00 Scout Tower
20:06 Scout Tower
20:07 Scout Tower
20:08 Scout Tower
20:08 Scout Tower
20:15 Scout Tower
20:16 Scout Tower
20:17 Scout Tower
20:18 Scout Tower
20:18 Scout Tower
20:19 Scout Tower
20:19 Scout Tower
20:22 Scout Tower
20:23 Scout Tower
20:25 Scout Tower
20:25 Scout Tower
20:26 Scout Tower
20:27 Scout Tower
20:30 Guard Tower
20:33 Scout Tower
20:40 Lumber Mill
20:43 Guard Tower
20:54 Town Hall
21:38 Guard Tower
21:50 Guard Tower
21:59 Guard Tower
22:05 Scout Tower
22:06 Scout Tower
22:08 Guard Tower
22:28 Scout Tower
22:28 Scout Tower
22:29 Scout Tower
22:30 Scout Tower
22:31 Scout Tower
22:32 Scout Tower
22:36 Guard Tower
22:46 Scout Tower
22:47 Scout Tower
22:47 Scout Tower
23:05 Guard Tower
23:06 Scout Tower
» items
| Staff of Teleportation | 1 | |
| Boots of Speed | 1 | |
| Orb of Lightning | 1 | |
| Potion of Mana | 1 | |
| Scroll of Town Portal | 1 | |
| Lesser Clarity Potion | 1 | |
6 total
Mata. (
teal | 96 APM | 2218 actions | 23:07)
3 Pandaren Brewmaster
2 Breath of Fire
1 Drunken Haze
» actions
| Assign group hotkey | 507 | |
| Basic commands | 1 | |
| Build / train | 52 | |
| Enter build submenu | 26 | |
| Enter hero's abilities submenu | 3 | |
| Remove unit from queue | 2 | |
| Right click | 1181 | |
| Select / deselect | 284 | |
| Select group hotkey | 16 | |
| Use ability | 145 | |
2218 total
» units
» upgrades
| Nature's Blessing | 1 | |
| Well Spring | 1 | |
| Ultravision | 1 | |
3 total
» buildings
| Moon Well | 19 | |
| Altar of Elders | 2 | |
| Tree of Life | 2 | |
| Tree of Ages | 1 | |
| Tree of Eternity | 2 | |
| Hunter's Hall | 1 | |
27 total
» build order
00:31 Moon Well
01:21 Altar of Elders
02:09 Moon Well
04:17 Altar of Elders
05:18 Moon Well
05:41 Moon Well
06:42 Moon Well
06:43 Moon Well
08:12 Tree of Life
08:13 Tree of Life
08:33 Tree of Ages
09:30 Moon Well
09:31 Moon Well
09:32 Moon Well
11:36 Moon Well
11:39 Moon Well
13:11 Tree of Eternity
13:51 Moon Well
13:52 Moon Well
13:53 Moon Well
13:54 Moon Well
13:56 Moon Well
13:57 Moon Well
14:33 Hunter's Hall
21:28 Moon Well
21:29 Moon Well
» items
| Healing Salve | 1 | |
| Lesser Clarity Potion | 1 | |
| Orb of Lightning | 1 | |
3 total
team 2 (loser)
betamon22 (
yellow | 37 APM | 845 actions | 23:01)
2 Blademaster
1 Wind Walk
1 Mirror Image
» actions
| Basic commands | 6 | |
| Build / train | 50 | |
| Enter build submenu | 12 | |
| Enter hero's abilities submenu | 2 | |
| Right click | 539 | |
| Select / deselect | 191 | |
| Use ability | 45 | |
845 total
» units
| Peon | 6 | |
| Grunt | 5 | |
| Demolisher | 9 | |
| Wind Rider | 4 | |
| Troll Batrider | 10 | |
34 total
» upgrades
» buildings
| Altar of Storms | 1 | |
| Orc Burrow | 5 | |
| Barracks | 1 | |
| War Mill | 1 | |
| Stronghold | 1 | |
| Voodoo Lounge | 1 | |
| Fortress | 1 | |
| Beastiary | 3 | |
14 total
» build order
00:04 Altar of Storms
00:06 Orc Burrow
00:47 Barracks
01:54 Orc Burrow
02:35 War Mill
03:13 Stronghold
03:51 Voodoo Lounge
04:25 Orc Burrow
04:59 Orc Burrow
09:59 Fortress
10:03 Beastiary
11:43 Orc Burrow
11:58 Beastiary
12:49 Beastiary
» items
| Healing Salve | 2 | |
| Potion of Mana | 2 | |
| Potion of Healing | 3 | |
| Orb of Lightning | 1 | |
| Tiny Great Hall | 1 | |
| Scroll of Speed | 1 | |
10 total
never.less (
pink | 38 APM | 880 actions | 23:07)
3 Paladin
2 Holy Light
1 Devotion Aura
3 Mountain King
2 Storm Bolt
1 Bash
» actions
| Basic commands | 7 | |
| Build / train | 51 | |
| ESC pressed | 5 | |
| Enter build submenu | 25 | |
| Enter hero's abilities submenu | 6 | |
| Give item / drop item | 1 | |
| Remove unit from queue | 4 | |
| Right click | 405 | |
| Select / deselect | 316 | |
| Use ability | 60 | |
880 total
» units
| Peasant | 13 | |
| Footman | 5 | |
| Dragonhawk Rider | 11 | |
| Gryphon Rider | -2 | |
| Mortar Team | 4 | |
31 total
» upgrades
| Lumber Harvesting | 2 | |
| Cloud | 1 | |
| Gunpowder | 1 | |
| Fragmentation Shards | 1 | |
5 total
» buildings
| Altar of Kings | 2 | |
| Farm | 9 | |
| Barracks | 1 | |
| Lumber Mill | 1 | |
| Arcane Vault | 1 | |
| Keep | 1 | |
| Gryphon Aviary | 3 | |
| Castle | 1 | |
| Blacksmith | 1 | |
| Workshop | 3 | |
23 total
» build order
00:26 Altar of Kings
00:28 Farm
00:39 Altar of Kings
01:23 Farm
01:30 Barracks
02:16 Farm
02:40 Lumber Mill
03:07 Arcane Vault
04:03 Keep
05:51 Farm
06:35 Gryphon Aviary
06:53 Castle
07:13 Gryphon Aviary
08:23 Gryphon Aviary
10:03 Farm
10:34 Farm
10:35 Farm
10:37 Farm
15:51 Blacksmith
16:32 Workshop
16:57 Workshop
19:07 Workshop
19:49 Farm
» items
| Scroll of Regeneration | 1 | |
| Lesser Clarity Potion | 1 | |
2 total
RedArmy (
green | 23 APM | 521 actions | 23:05)
3 Tauren Chieftain
2 Endurance Aura
1 War Stomp
» actions
| Assign group hotkey | 5 | |
| Basic commands | 5 | |
| Build / train | 49 | |
| Enter build submenu | 20 | |
| Enter hero's abilities submenu | 3 | |
| Right click | 236 | |
| Select / deselect | 162 | |
| Select group hotkey | 9 | |
| Use ability | 32 | |
521 total
» units
| Peon | 9 | |
| Demolisher | 9 | |
| Tauren | 8 | |
| Shaman | 9 | |
35 total
» upgrades
| Ranged Weapons | 2 | |
| Armor | 1 | |
| Burning Oil | 1 | |
| Shaman Training | 2 | |
| Pulverize | 1 | |
7 total
» buildings
| Altar of Storms | 1 | |
| Orc Burrow | 8 | |
| War Mill | 1 | |
| Stronghold | 1 | |
| Barracks | 1 | |
| Fortress | 1 | |
| Voodoo Lounge | 1 | |
| Spirit Lodge | 1 | |
| Tauren Totem | 1 | |
| Watch Tower | 6 | |
22 total
» build order
00:06 Altar of Storms
00:11 Orc Burrow
00:39 War Mill
02:38 Stronghold
02:42 Orc Burrow
03:48 Orc Burrow
04:53 Barracks
05:09 Fortress
05:25 Voodoo Lounge
06:08 Orc Burrow
06:52 Spirit Lodge
08:00 Tauren Totem
09:13 Watch Tower
10:03 Watch Tower
10:58 Orc Burrow
12:49 Watch Tower
14:09 Watch Tower
14:13 Watch Tower
14:41 Orc Burrow
16:55 Watch Tower
17:02 Orc Burrow
19:43 Orc Burrow
» items
Srg.Destruction (
orange | 68 APM | 1472 actions | 21:33)
2 Dreadlord
1 Vampiric Aura
1 Sleep
» actions
| Assign group hotkey | 6 | |
| Basic commands | 33 | |
| Build / train | 54 | |
| Enter build submenu | 13 | |
| Enter hero's abilities submenu | 2 | |
| Remove unit from queue | 1 | |
| Right click | 659 | |
| Select / deselect | 535 | |
| Select group hotkey | 140 | |
| Use ability | 29 | |
1472 total
» units
| Acolyte | 11 | |
| Ghoul | 10 | |
| Meatwagon | 8 | |
| Abomination | 10 | |
39 total
» upgrades
| Unholy Strength | 2 | |
| Unholy Armor | 2 | |
| Disease Cloud | 1 | |
5 total
» buildings
| Crypt | 1 | |
| Ziggurat | 7 | |
| Altar of Darkness | 1 | |
| Graveyard | 1 | |
| Halls of the Dead | 2 | |
| Nerubian Tower | 2 | |
| Slaughterhouse | 2 | |
| Black Citadel | 2 | |
18 total
» build order
00:08 Crypt
00:12 Ziggurat
00:37 Altar of Darkness
01:01 Graveyard
01:27 Ziggurat
02:32 Ziggurat
03:16 Halls of the Dead
03:55 Nerubian Tower
05:37 Halls of the Dead
06:21 Ziggurat
06:55 Nerubian Tower
08:06 Slaughterhouse
08:08 Slaughterhouse
08:13 Black Citadel
08:54 Ziggurat
09:00 Ziggurat
09:30 Black Citadel
17:58 Ziggurat
Chat log
(00:14 / Allies) Mata.: send woyks
(00:23 / Allies) Mata.: you'all
(00:43 / Allies) Mata.: whipping the tav
(00:51 / Allies) Mata.: hooooooody hooooo
(00:57 / Allies) dirtmcwordup: going 4 it
(00:58 / Allies) Mata.: dirt did u see dat
(01:04 / Allies) DIRTMCGIRT: wur
(01:13 / Allies) DIRTMCGIRT: i never saw nothin
(01:18 / Allies) Mata.: blinn workers might as well go home
(01:27 / Allies) dirtmcwordup: yam
(01:29 / Allies) DIRTMCGIRT: sweet potatoe
(01:29 / Allies) Mata.: like a potato thing
(01:35 / Allies) DIRTMCGIRT: nasty as fuck
(01:39 / Allies) Mata.: americans eat during thxgiving i think
(01:53 / Allies) Mata.: lumber mill nooblet
(02:33 / Allies) DIRTMCGIRT: u know half baked
(02:36 / Allies) Mata.: yea
(02:38 / Allies) DIRTMCGIRT: i love when he sees the horse
(02:39 / Allies) DIRTMCGIRT: and he goes
(02:42 / Allies) DIRTMCGIRT: u hungry girl?
(02:47 / Allies) DIRTMCGIRT: and the black lady walks buy
(02:49 / Allies) DIRTMCGIRT: and she goes
(02:52 / Allies) DIRTMCGIRT: fuck u nigga
(03:07 / Allies) Mata.: a noopert
(03:33 / Allies) DIRTMCGIRT: i got both worksers bot
(03:35 / Allies) Mata.: gj noopert nerdoch
(04:09 / Allies) Mata.: ask for res
(04:20 / Allies) DIRTMCGIRT: a lil lumb pls
(04:22 / Allies) DIRTMCGIRT: im techin
(04:24 / Allies) DIRTMCGIRT: like tekken
(04:41 / Allies) DIRTMCGIRT: oops
(05:17 / Allies) DIRTMCGIRT: nice
(05:57 / Allies) Mata.: i'll takea datta
(06:20 / Allies) Mata.: too phar
(07:03 / Allies) Mata.: ackos
(07:07 / Allies) DIRTMCGIRT: i got u dad
(07:22 / Allies) DIRTMCGIRT: im goin mass summons
(07:27 / Allies) DIRTMCGIRT: fs firelord beastmaster
(08:01 / Allies) dirtmcwordup: onwed
(08:23 / Allies) dirtmcwordup: lum
(08:42 / Allies) Mata.: timg build towers
(09:02 / Allies) dirtmcwordup: share noob retard
(09:49 / Allies) Mata.: do we have antibat bat
(09:56 / Allies) DIRTMCGIRT: workin on it
(10:00 / Allies) DIRTMCGIRT: makin bats now
(10:28 / Allies) dirtmcwordup: sources
(10:51 / Allies) Mata.: tol gonna start whacking him soon
(10:57 / Allies) Mata.: thwock
(11:39 / All) betamon22: was close
(12:10 / Allies) Mata.: we need forty ups soon
(12:18 / Allies) Mata.: send bats
(12:28 / Allies) DIRTMCGIRT: i got a bunch
(12:31 / Allies) Mata.: no you hit one that wasnt clouding nerd
(14:00 / Allies) Mata.: comen
(14:18 / Allies) dirtmcwordup: lum
(14:30 / Allies) DIRTMCGIRT: all expos on our side are cleard
(14:39 / Allies) Mata.: that is our side too
(14:49 / Allies) Mata.: i call this the 80% slalom
(15:39 / Allies) dirtmcwordup: lum
(15:55 / Allies) Mata.: tower my by my expo
(15:57 / Allies) Mata.: blinn more bat
(16:30 / Allies) Mata.: they planning an oldschol push
(16:32 / Allies) dirtmcwordup: ulm
(16:39 / Allies) dirtmcwordup: got no lum
(16:52 / Allies) dirtmcwordup: lummmmmmmmmmmmmmmmmber
(17:06 / Allies) Mata.: you stay bot timg
(17:31 / All) dirtmcwordup: lmfao!
(17:49 / Allies) Mata.: upgrade em
(17:53 / Allies) Mata.: tim G
(18:04 / Allies) Mata.: clouders
(18:13 / Allies) Mata.: yes why dont you build bats goddamn
(18:28 / Allies) DIRTMCGIRT: comin
(18:43 / All) betamon22: gayest start eva
(18:47 / All) Mata.: gg
(19:32 / Allies) Mata.: and i todl you 10x
(19:48 / All) Mata.: nice
(21:00 / Allies) Mata.: they oogodl
(21:09 / Allies) blInn: whoah
(21:12 / Allies) blInn: -neo, the matrix
(21:27 / All) betamon22: gya ass motha fuka
(21:35 / All) Mata.: damn i have so many expansions...